AoeStats
← AnomalousTR

Lombardia

509411452Analyzed
2v2 RM · 7d ago on Sep 26, 2026· 67m 37s· 4 players
Game mode
Random Map
Map size
Medium (4 player)
Population
200
Speed
Normal
Resources
Standard
Victory
Conquest
Starting age
Dark Age
Ending age
Imperial Age
RankedLock teamsTeams togetherTeam positionsShared explorationLock speedFull tech treeHidden civsTurbo modeCheats
Victory
Defeat
🇹🇷 Goths · Türkiye
571
+14
🇩🇪 Huns · Germany
365
+23
🇺🇸 Saracens · United States
529
-19
🇹🇭 Khmer · Thailand
509
-18
demigod74
6:57 Loom
11:27 Feudal Age
11:53 Horse Collar
12:01 Double-Bit Axe
20:23 Castle Age
19:42 Scale Barding Armor
19:54 Bloodlines
19:38 Man-at-Arms
21:43 Heavy Plow
23:27 Forging
23:48 Fletching
26:40 Husbandry
27:07 Gold Mining
28:36 Iron Casting
29:17 Town Watch
31:10 Squires
30:31 Long Swordsman
30:57 Gambesons
31:38 Chain Barding Armor
31:59 Bimaristan
32:03 Bow Saw
33:12 Gold Shaft Mining
32:45 Bodkin Arrow
34:01 Scale Mail Armor
34:44 Caravan
35:05 Chain Mail Armor
35:46 Wheelbarrow
38:42 Imperial Age
37:05 Padded Archer Armor
38:59 Leather Archer Armor
39:40 Sanctity
38:49 Light Cavalry
40:08 Plate Barding Armor
40:36 Blast Furnace
40:07 Plate Mail Armor
39:07 Two-Handed Swordsman
40:13 Bracer
40:40 Conscription
41:44 Two-Man Saw
41:08 Arson
40:59 Onager
42:25 Ring Archer Armor
42:18 Town Patrol
44:06 Hand Cart
46:27 Chemistry
47:31 Ballistics
47:29 Champion
48:26 Murder Holes
51:32 Masonry
54:49 Siege Engineers
62:41 Town Patrol
bttdavy1
9:41 Feudal Age
11:10 Wheelbarrow
12:05 Double-Bit Axe
14:15 Gold Mining
19:45 Bloodlines
19:58 Horse Collar
24:25 Castle Age
25:42 Hand Cart
25:45 Bow Saw
26:00 Heavy Plow
26:52 Stone Mining
27:39 Gold Shaft Mining
27:17 Husbandry
27:47 Caravan
30:04 Stone Shaft Mining
30:05 Light Cavalry
35:19 Imperial Age
36:20 Forging
36:16 Scale Barding Armor
36:32 Hussar
36:33 Cavalier
40:41 Crop Rotation
40:38 Conscription
42:12 Iron Casting
41:58 Chain Barding Armor
42:47 Heated Shot
43:18 Ballistics
43:58 Chemistry
42:55 Murder Holes
45:33 Blast Furnace
45:09 Plate Barding Armor
KINGTOM
8:28 Loom
12:11 Feudal Age
12:39 Horse Collar
12:47 Double-Bit Axe
13:42 Gold Mining
14:21 Town Watch
19:30 Fletching
21:10 Stone Mining
24:21 Wheelbarrow
25:47 Forging
26:41 Bloodlines
29:18 Castle Age
29:36 Padded Archer Armor
29:42 Scale Barding Armor
30:04 Bodkin Arrow
30:26 Heavy Plow
30:40 Bow Saw
31:04 Murder Holes
32:50 Gold Shaft Mining
32:30 Fervor
32:29 Town Patrol
34:20 Iron Casting
34:15 Ballistics
36:07 Hand Cart
40:39 Imperial Age
39:33 Husbandry
38:54 Light Cavalry
40:01 Chain Barding Armor
40:43 Leather Archer Armor
40:47 Masonry
42:32 Chemistry
43:12 Two-Man Saw
43:43 Blast Furnace
44:10 Sanctity
46:05 Capped Ram
48:15 Siege Ram
49:57 Bracer
49:59 Scale Mail Armor
50:35 Plate Barding Armor
56:59 Chain Mail Armor
56:09 Hussar
56:12 Cavalier
56:16 Heavy Cavalry Archer
57:30 Parthian Tactics
AnomalousTR
0:33 Loom
12:04 Feudal Age
12:42 Double-Bit Axe
16:39 Horse Collar
22:09 Castle Age
21:25 Scale Mail Armor
21:35 Forging
24:28 Heavy Plow
26:00 Stone Mining
27:24 Bow Saw
33:22 Imperial Age
34:11 Stone Shaft Mining
34:38 Perfusion
34:59 Conscription
35:24 Iron Casting
36:00 Chain Mail Armor
37:47 Blast Furnace
37:26 Elite Huskarl
38:26 Anarchy
38:53 Ballistics
39:43 Chemistry
40:03 Two-Man Saw
41:44 Man-at-Arms
42:59 Long Swordsman
43:17 Two-Handed Swordsman
43:59 Squires
43:19 Pikeman
43:35 Halberdier
43:35 Champion
45:20 Crop Rotation
50:08 Gold Mining
Connection lost

Rejoining the realm…

Still unreachable

The connection could not be restored.

Session expired

The server has moved on; the page needs a fresh start.